 Dungeon Crawl Stone Soup version 0.31-a0-931-g7b59d4eb97 (webtiles) character file.

Game seed: 16803019045402678435

9640 BinkBink the Carver (level 11, -4/71 HPs)
             Began as a Tengu Monk on Oct 18, 2023.
             Was an Elder of Dithmenos.
             Slain by an apocalypse crab (11 damage)
             ... on level 2 of the Abyss.
             The game lasted 00:22:06 (11001 turns).

BinkBink the Carver (Tengu Monk)                   Turns: 11001, Time: 00:22:07

Health: -4/71      AC: 10    Str: 11      XL:     11   Next: 49%
Magic:  12/12      EV: 23    Int:  9 (12) God:    Dithmenos [****..]
Gold:   652        SH:  0    Dex: 20      Spells: 10/10 levels left

rFire   . . .        I - +2 great sword (freeze)
rCold   + . .        (shield currently unavailable)
rNeg    . . .        h - +2 robe "Tockonuzem" {Harm *Slow rPois}
rPois   +            (helmet restricted)
rElec   .            (no cloak)
rCorr   .            f - +1 pair of gloves
SInv    .            (boots unavailable)
Will    .....        c - amulet of regeneration
Stlth   ++           l - ring of protection from cold
HPRegen 1.11/turn    m - +4 ring of protection
MPRegen 0.13/turn

%: slow self (1%), harm (+30% outgoing, +20% incoming), acrobat
@: about to teleport, flying, wreathed by umbra
A: beak, talons 3, evasive flight, acrobatic
a: Renounce Religion, Shadow Step


You were on level 2 of the Abyss.
You worshipped Dithmenos.
Dithmenos was greatly pleased with you.
You visited 1 branch of the dungeon, and saw 10 of its levels.
You visited the Abyss 1 time.
You also visited: Ossuary.

You collected 652 gold pieces.

Inventory:

Hand Weapons
 A - a +2 falchion of venom
 H - a +4 scimitar
 I - a +2 great sword of freezing (weapon)
Missiles
 o - a throwing net
Armour
 d - an orb of light
 f - a +1 pair of gloves (worn)
 h - the +2 robe "Tockonuzem" (worn) {Harm *Slow rPois}
   (You found it on level 6 of the Dungeon)

   rPois:     It protects you from poison *Slow: It may slow you when you take
   damage.
   Harm:      It increases damage dealt and taken.
 F - the +2 leather armour "Dafa Qaodyn" {rC+ rN+}
   (You found it on level 8 of the Dungeon)

   rC+:       It protects you from cold.
   rN+:       It protects you from negative energy.
Jewellery
 c - an amulet of regeneration (around neck)
 l - a ring of protection from cold (left hand)
 m - a +4 ring of protection (right hand)
Wands
 s - a wand of mindburst (17)
 x - a wand of quicksilver (14)
 y - a wand of polymorph (16)
 C - a wand of iceblast (14)
 E - a wand of flame (17)
 K - a wand of charming (7)
Scrolls
 g - a scroll of vulnerability
 j - 2 scrolls of fear
 k - 5 scrolls of noise
 n - 3 scrolls of revelation
 q - 4 scrolls of teleportation
 r - 2 scrolls of fog
 v - a scroll of blinking
 w - a scroll of enchant armour
 G - a scroll of poison {unknown}
 J - a scroll of identify
Potions
 a - 2 potions of mutation
 b - 4 potions of magic
 e - 9 potions of curing
 i - 5 potions of might
 p - 2 potions of heal wounds
 t - 2 potions of cancellation
 u - a potion of enlightenment
 z - a potion of resistance {unknown}
 B - a potion of attraction
 D - a potion of berserk rage
 L - a potion of brilliance {unknown}


   Skills:
 + Level 9.4 Fighting
 * Level 14.0 Long Blades
 + Level 10.3 Dodging


You had 10 spell levels left.
You didn't know any spells.
Your spell library was empty.

Dungeon Overview and Level Annotations

Branches:
Dungeon (10/15)            Temple (0/1) D:6            Lair (0/5) D:9
    Orc (0/2) D:9         Ossuary (visited)

Altars:
Cheibriados
Dithmenos
Fedhas
Kikubaaqudgha
Nemelex Xobeh
Qazlal
Trog
Uskayaw
Zin
The Shining One

Shops:
D:4 =   D:8 *   D:10 (

Annotations:
D:5 2 transporters
D:7 1 runed translucent door, Crazy Yiuf
D:10 Erolcha


Innate Abilities, Weirdness & Mutations

You have a beak for a mouth.
You have claws for feet.
Your magical flight helps you evade attacks. (EV +4)
You can magically evade attacks while moving or waiting.


Message History

You peck the apocalypse crab, but do no damage.
The apocalypse crab is lightly wounded.
The raiju misses you. The raiju bites you but does no damage.
The raiju bursts into living lightning!
The living lightning misses you.
The raiju blinks!
The apocalypse crab completely misses you.
The apocalypse crab closely misses you.
You slash the apocalypse crab! You claw the apocalypse crab.
The apocalypse crab is moderately wounded.
The worldbinder calls forth creatures from the Shoals!
The raiju completely misses you. The raiju misses you. x2
The apocalypse crab misses you.
The apocalypse crab completely misses you.
You barely miss the apocalypse crab.
The apocalypse crab is moderately wounded.
The raiju closely misses you. The raiju completely misses you. x2
The neqoxec gestures at you.
You feel dopey. Something feeds on your intellect!
The apocalypse crab closely misses you. The apocalypse crab barely misses you.
You hit the apocalypse crab but do no damage.
You claw the apocalypse crab, but do no damage.
The apocalypse crab is moderately wounded.
The raiju closely misses you. The raiju misses you. x2
The apocalypse crab bites you. The apocalypse crab shocks you!
The apocalypse crab barely misses you.
An ancient zyme comes into view.
You feel yourself growing ill in the presence of the ancient zyme.
The worldbinder calls forth creatures from the Shoals!
You closely miss the raiju. You claw the raiju!
The raiju is lightly wounded.
Your shadow hits the raiju with a great sword!
The raiju misses you. The raiju completely misses you.
The raiju bursts into living lightning!
The living lightning hits you!
* * * LOW HITPOINT WARNING * * *
The raiju blinks!
The apocalypse crab bites you.
* * * LOW HITPOINT WARNING * * *
The apocalypse crab shocks you!
You die...

##### )..
#h# # #
##3##@# $#
.8..Zqhht4~#
#.##5##{##.#
# ##X## #


#thx# ##t## #t# .x. #.# You could see a red draconian scorcher, 3 snapping
turtles, an ancient zyme, an apocalypse crab, a thrashing horror, a worldbinder,
4 raiju, a chaos spawn, a white imp and a harpy zombie.

Vanquished Creatures
  A large abomination (Abyss:2)
  An ugly thing (D:9)
  A gargoyle (D:10)
  2 unseen horrors (D:10)
  2 hornets
  Grinder (D:3)
  Sigmund (D:6)
  A vampire (D:10)
  2 shadows (D:10)
  11 yaks
  A steam dragon (D:7)
  A small abomination (Abyss:2)
  A warg (D:9)
  Duvessa (D:5)
  2 orc warriors
  3 ice beasts
  A black bear (D:5)
  3 ogres
  A centaur (D:9)
  A phantom (D:6)
  Blork the orc (D:5)
  A bullfrog (D:8)
  A gnoll sergeant (D:7)
  3 necrophages (D:5)
  3 scorpions (D:5)
  14 wights
  Dowan (D:5)
  15 killer bees
  6 electric eels (D:9)
  A howler monkey (D:5)
  A bullfrog zombie (D:5)
  An iron imp (D:8)
  2 hounds
  4 jellies
  10 orc priests
  A sleepcap (D:5)
  2 gnoll boudas
  Ijyb (D:3)
  15 orc wizards
  A killer bee zombie (D:5)
  4 mummies (Ossuary)
  7 adders
  17 gnolls
  3 river rats (D:5)
  A shadow imp (D:6)
  4 ufetubi (D:6)
  5 worms
  An adder zombie (D:5)
  5 dart slugs
  49 orcs
  9 ball pythons
  7 endoplasms
  8 giant cockroaches
  4 hobgoblins
  11 jackals
  4 quokkas
  5 bats
  3 frilled lizards
  2 gnoll zombies (Ossuary)
  4 goblins
  A goblin zombie (Ossuary)
  2 hobgoblin zombies (Ossuary)
  5 kobolds
  3 kobold zombies (Ossuary)
  4 rats
290 creatures vanquished.

Notes
Turn   | Place    | Note
-------+----------+-------------------------------------------
     0 | D:1      | BinkBink the Tengu Monk began the quest for the Orb.
     0 | D:1      | Reached XP level 1. HP: 14/14 MP: 2/2
   257 | D:1      | Reached XP level 2. HP: 19/19 MP: 3/3
   536 | D:1      | Reached skill level 4 in Long Blades
   536 | D:1      | Reached XP level 3. HP: 23/23 MP: 4/4
   601 | D:1      | Found a faded altar of an unknown god.
  1628 | D:3      | Reached XP level 4. HP: 28/28 MP: 5/5
  1647 | D:3      | HP: 1/28 [orc priest/divine providence (13)]
  1886 | D:3      | Noticed Grinder
  1902 | D:3      | Killed Grinder
  1903 | D:3      | Reached skill level 5 in Long Blades
  1903 | D:3      | Reached XP level 5. HP: 9/33 MP: 6/6
  1903 | D:3      | Reached XP level 6. HP: 10/38 MP: 7/7
  2315 | D:3      | Noticed Ijyb
  2327 | D:3      | Killed Ijyb
  2457 | D:3      | Reached skill level 6 in Long Blades
  2780 | D:4      | Reached skill level 5 in Dodging
  2933 | D:4      | Found Momu's Jewellery Emporium.
  3058 | D:4      | Gained mutation: Your magical flight helps you evade
                  | attacks. (EV +4) [Tengu growth]
  3058 | D:4      | Reached XP level 7. HP: 44/44 MP: 8/8
  3594 | D:5      | Entered Level 5 of the Dungeon
  3823 | D:5      | Reached skill level 7 in Long Blades
  3841 | D:5      | Reached skill level 5 in Fighting
  3865 | D:5      | Noticed Blork the orc
  3875 | D:5      | Killed Blork the orc
  3876 | D:5      | Reached XP level 8. HP: 11/49 MP: 9/9
  4150 | D:5      | Reached skill level 8 in Long Blades
  4506 | D:5      | Noticed Dowan
  4628 | D:5      | Killed Dowan
  4629 | D:5      | Reached skill level 9 in Long Blades
  4722 | D:5      | Found a transporter.
  4742 | D:5      | Found a transporter.
  4773 | D:5      | Noticed Duvessa
  4788 | D:5      | Killed Duvessa
  4898 | D:5      | Reached XP level 9. HP: 53/56 MP: 10/10
  4900 | D:5      | Found a blossoming altar of Fedhas.
  5309 | D:6      | Reached skill level 10 in Long Blades
  5692 | D:6      | Identified the +2 robe "Tockonuzem" {Harm *Slow rPois}
  5819 | D:6      | Noticed Sigmund
  5833 | D:6      | Killed Sigmund
  6392 | D:6      | Found a staircase to the Ecumenical Temple.
  6622 | D:7      | Reached skill level 11 in Long Blades
  6871 | D:7      | Reached XP level 10. HP: 51/63 MP: 11/11
  7374 | D:7      | Found a shadowy altar of Dithmenos.
  7433 | D:7      | Found a glowing golden altar of the Shining One.
  7502 | D:7      | Became a worshipper of Dithmenos the Shadowed
  7502 | D:7      | Reached * piety under Dithmenos
  7502 | D:7      | Reached ** piety under Dithmenos
  7856 | D:7      | Found a runed translucent door.
  7857 | D:7      | Noticed Crazy Yiuf
  8415 | D:8      | Found a sand-covered staircase.
  8459 | Ossuary  | Entered an ossuary
  8791 | D:8      | Found a glowing silver altar of Zin.
  8792 | D:8      | Found Zin's Purification Station.
  8862 | D:8      | Identified the +2 leather armour "Dafa Qaodyn" {rC+ rN+}
  8889 | D:8      | Found a snail-covered altar of Cheibriados.
  8923 | D:8      | Found a sparkling altar of Nemelex Xobeh.
  8964 | D:8      | Reached skill level 12 in Long Blades
  9110 | D:9      | Found a staircase to the Lair.
  9114 | D:9      | Reached *** piety under Dithmenos
  9437 | D:9      | Found a staircase to the Orcish Mines.
  9549 | D:9      | Noticed a cyan ugly thing
  9559 | D:9      | Killed a cyan ugly thing
 10042 | D:9      | Reached skill level 13 in Long Blades
 10042 | D:9      | Reached XP level 11. HP: 69/69 MP: 12/12
 10072 | D:9      | Found a hide-covered altar of Uskayaw.
 10367 | D:10     | Entered Level 10 of the Dungeon
 10466 | D:10     | Found a stormy altar of Qazlal.
 10666 | D:10     | Found a bloodstained altar of Trog.
 10681 | D:10     | Found Bacvison's Weapon Emporium.
 10707 | D:10     | Reached skill level 10 in Dodging
 10710 | D:10     | Reached **** piety under Dithmenos
 10737 | D:10     | Found an ancient bone altar of Kikubaaqudgha.
 10978 | D:10     | Noticed Erolcha
 10981 | Abyss:2  | Noticed a large abomination
 10981 | Abyss:2  | Noticed a thrashing horror
 10981 | Abyss:2  | Cast into level 2 of the Abyss (Erolcha)
 10987 | Abyss:2  | Noticed a red draconian scorcher
 10990 | Abyss:2  | Killed a large abomination
 10992 | Abyss:2  | Reached skill level 14 in Long Blades
 10995 | Abyss:2  | Noticed a worldbinder
 11001 | Abyss:2  | Slain by an apocalypse crab

Illustrated notes

Levels and vault maps discovered:
D:1:      sevenhm_arrival_forest_fort_large_2, layout_loops_ring,
          shapermc_ecumenical_altar_hornbeckon
D:2:      layout_rooms, st_stairs_7
D:3:      layout_loops_cross, uniq_grinder, uniq_ijyb
D:4:      layout_basic, serial_shops, shop, nrook_mini_backslash
D:5:      gammafunk_steamed_eel, layout_cave_pools, fedhas_altar_decomposition,
          lightli_sewer_entry_pipes, grunt_ministairs_7, uniq_duvessa,
          uniq_blork_the_orc
D:6:      layout_basic, minmay_temple_entry_poolview, uniq_sigmund
D:7:      layout_loops_ring, mainiacjoe_overflow_alcove_2,
          mainiacjoe_overflow_boulevard, uniq_crazy_yiuf_cottage
D:8:      layout_rooms, zin_purify, nemelex_altar_shiori, slow_altar_2,
          enter_ossuary_1
D:9:      layout_basic, lemuel_tele_altar, lair_entry_dummy, david_orc_3,
          item_on_display_a
D:10:     layout_loops_cross, kennysheep_little_box, amcnicky_altar_gilded,
          trog_three_pillars_becter, serial_shops, shop, uniq_erolcha
Abyss:2:  base: D:1, hangedman_cross_veins

Skill      XL: |  1  2  3  4  5  6  7  8  9 10 11 |
---------------+----------------------------------+-----
Long Blades    | 4 5 6 7 9 11 13 14 | 14.0
Dodging        | 4 5 7 8 9 10 | 10.3
Fighting       | 4 5 6 7 8 9 |  9.4

Action                     |  1- 3 |  4- 6 |  7- 9 | 10-12 || total
---------------------------+-------+-------+-------+-------++-------
  Melee: Falchion          |    59 |    98 |    19 |   221 ||   397
         Kick              |    20 |    35 |   127 |   112 ||   294
         Peck              |     4 |    20 |    86 |    81 ||   191
         Long sword        |       |     5 |   309 |       ||   314
         Punch             |       |       |       |     4 ||     4
         Great sword       |       |       |       |    79 ||    79
    Use: Potion            |       |       |     1 |     1 ||     2
         Scroll            |       |       |     5 |    16 ||    21
   Stab: Sleeping          |       |       |       |     3 ||     3
 Armour: Robe              |    15 |    30 |   124 |   103 ||   272
  Dodge: Dodged            |    44 |    70 |   349 |   323 ||   786

Table legend: (Time is in decaauts)
 A = Elapsed time spent in this place.
 B = Non-inter-level travel time spent in this place.
 C = Inter-level travel time spent in this place.
 D = Time resting spent in this place.
 E = Time spent auto-exploring this place.
 F = Levels seen in this place.
 G = Mean time per level.
                   A        B        C        D        E       F      G
               +--------+--------+--------+--------+--------+-----+--------+
         Total |  10953 |  10364 |    589 |   2057 |   5968 |  12 |  912.8 |
       Dungeon |  10730 |  10141 |    589 |   2051 |   5949 |  10 | 1073.0 |
         Abyss |     24 |     24 |      0 |      0 |      0 |   1 |   24.0 |
       Ossuary |    198 |    198 |      0 |      6 |     19 |   1 |  198.0 |
               +--------+--------+--------+--------+--------+-----+--------+

Top non-repeatable levels by time:
     D:7: 1632 daAuts
     D:6: 1484 daAuts
     D:5: 1303 daAuts
     D:9: 1231 daAuts
     D:4: 1175 daAuts
     D:1: 1107 daAuts
     D:3: 1034 daAuts
     D:2: 646 daAuts
    D:10: 614 daAuts
     D:8: 500 daAuts
 Ossuary: 198 daAuts
 Abyss:2: 24 daAuts
